Map: [ESL] Gresvan

Players

Lambo

  • Race: Zerg Zerg
  • Spawn Location: 5:00

HeroMarine - Winner!

  • Race: Terran Terran
  • Spawn Location: 11:00

Event: IEM Katowice 2023

VOD

Have the link to the VOD?

Description

Time

  • Played on: Feb. 10, 2023, 12:07 p.m.
  • Length: 16:47

All games in this series

Show
View Real Time Build Order
Export as new Build Order

Lambo Zerg 

Build Orders: Hatch First 

Get SALT Encoding   

  12  0:00  Drone  
  13  0:12  Overlord  
  13  0:17  Drone  
  14  0:30  Drone x2  
  16  0:47  Hatchery  
  15  0:50  Drone  
  15  0:54  Drone  
  17  0:57  Drone  
  18  1:07  Extractor  
  17  1:12  Spawning Pool  
  17  1:15  Drone  
  17  1:18  Drone  
  18  1:27  Drone  
  19  1:39  Drone  
  20  1:48  Drone  
  21  1:59  Queen x2  
  21  2:00  Zergling x4  
  27  2:09  Drone  
  27  2:10  Overlord  
  28  2:20  Hatchery  
  28  2:22  Drone  
  28  2:30  Drone  
  28  2:31  Drone  
  28  2:32  Drone  
  31  2:38  Queen  
  31  2:43  Overlord  
  33  2:46  Drone  
  34  2:55  Metabolic Boost, Drone x2  
  36  3:01  Queen  
  38  3:08  Drone x3  
  38  3:11  Drone  
  42  3:13  Drone  
  42  3:15  Drone  
  42  3:19  Overlord  
  44  3:26  Overlord  
  44  3:31  Queen  
  46  3:34  Queen  
  46  3:36  Drone  
  46  3:38  Drone  
  46  3:40  Drone x2  
  46  3:41  Drone  
  53  3:47  Drone x3  
  56  3:51  Queen  
  56  3:54  Overlord  
  58  3:57  Drone  
  58  3:59  Drone x2  
  58  4:02  Overlord  
  61  4:06  Overlord  
  60  4:10  Overlord  
  60  4:12  Queen  
  62  4:18  Zergling x6  
  62  4:21  Drone x3  
  68  4:27  Overlord  
  68  4:28  Drone  
  68  4:29  Drone  
  68  4:30  Lair  
  70  4:33  Extractor  
  70  4:36  Drone x3  
  72  4:40  Drone  
  72  4:42  Drone  
  72  4:43  Baneling Nest  
  72  4:45  Drone x3  
  76  4:51  Zergling x2  
  76  4:52  Zergling x4  
  79  5:00  Hatchery  
  79  5:02  Zergling x4  
  79  5:03  Drone x4  
  79  5:06  Drone x2  
  86  5:07  Spore Crawler  
  86  5:12  Drone  
  86  5:14  Drone  
  86  5:16  Extractor, Drone, Queen  
  86  5:17  Extractor  
  88  5:25  Zergling x2, Evolution Chamber  
  88  5:26  Drone  
  88  5:27  Drone, Evolution Chamber  
  89  5:30  Extractor  
  89  5:33  Drone x2  
  89  5:34  Baneling x2  
  90  5:36  Centrifugal Hooks  
  90  5:37  Baneling  
  90  5:42  Spore Crawler  
  89  5:47  Overlord  
  89  5:48  Drone  
  90  5:50  Overlord  
  90  5:51  Overlord, Zerg Ground Armor Level 1  
  89  6:05  Spore Crawler  
  89  6:09  Drone x9  
  96  6:13  Drone x4  
  96  6:14  Overlord  
  100  6:18  Overlord  
  100  6:19  Drone x2  
  100  6:20  Drone  
  102  6:34  Drone x7  
  109  6:40  Zerg Melee Weapons Level 1  
  109  6:42  Zergling x6  
  109  6:45  Hydralisk Den  
  109  6:47  Zergling x12  
  109  6:48  Hatchery  
  109  6:51  Spore Crawler  
  113  6:54  Baneling x2  
  109  7:09  Zergling x16  
  107  7:18  Drone x4  
  107  7:22  Drone x6  
  113  7:27  Pneumatized Carapace, Muscular Augments  
  113  7:29  Baneling x4  
  113  7:32  Hydralisk x3  
  119  7:37  Drone, Roach Warren  
  119  7:38  Infestation Pit, Extractor  
  119  7:39  Queen  
  119  7:41  Extractor, Queen  
  119  7:42  Extractor  
  119  7:43  Overlord  
  119  7:48  Overlord x2, Queen, Spore Crawler  
  119  7:49  Spore Crawler  
  119  7:50  Baneling x3  
  119  7:52  Overlord  
  119  7:53  Drone  
  119  7:54  Overlord  
  119  7:55  Overlord  
  119  7:58  Overlord  
  120  8:00  Overlord  
  120  8:01  Drone  
  120  8:02  Drone x4  
  124  8:10  Hydralisk x7  
  138  8:17  Hive  
  138  8:19  Overlord  
  138  8:22  Drone x6  
  144  8:31  Hatchery, Roach x7  
  144  8:33  Zerg Missile Weapons Level 1  
  157  8:34  Glial Reconstitution  
  157  8:38  Baneling x4  
  157  8:39  Grooved Spines  
  157  8:42  Zergling x10  
  162  8:50  Zergling x16  
  162  8:53  Overlord  
  162  8:55  Queen  
  164  8:58  Spore Crawler  
  164  9:01  Zergling x8  
  165  9:07  Overlord  
  165  9:08  Zergling x10  
  165  9:09  Baneling  
  161  9:10  Baneling x2  
  161  9:15  Zergling x8  
  154  9:21  Zergling x14  
  155  9:26  Hydralisk x3  
  149  9:34  Baneling x5  
  149  9:36  Zergling x14  
  152  9:39  Baneling x3  
  150  9:46  Viper x3  
  150  9:51  Baneling  
  150  9:52  Roach x6  
  169  10:01  Zergling x2  
  169  10:02  Roach x6  
  182  10:09  Roach  
  182  10:10  Roach x4  
  182  10:13  Extractor x2  
  189  10:20  Overlord, Zergling x2  
  190  10:21  Overlord  
  190  10:25  Overlord  
  189  10:29  Overlord  
  189  10:30  Overlord  
  189  10:31  Overlord  
  189  10:32  Overlord x2  
  189  10:36  Overlord  
  189  10:38  Overlord  
  170  10:46  Hydralisk x8  
  170  10:51  Hydralisk x3  
  170  10:57  Hydralisk x3  
  178  11:08  Hydralisk x5  
  184  11:18  Ravager x2  
  185  11:19  Ravager  
  185  11:23  Zerg Missile Weapons Level 2  
  185  11:24  Hatchery  
  186  11:26  Roach x4  
  186  11:27  Baneling x3, Ravager x2  
  196  11:33  Ravager  
  196  11:35  Ravager  
  196  11:37  Zergling x4  
  196  11:38  Overseer  
  197  11:40  Zergling x6  
  197  11:43  Baneling x3  
  199  11:49  Zergling x4  
  192  11:58  Roach x9  
  194  12:02  Roach  
  194  12:04  Roach x6  
  189  12:10  Hydralisk  
  189  12:11  Hydralisk x2  
  189  12:14  Hydralisk  
  189  12:15  Hydralisk  
  189  12:19  Hydralisk x2  
  185  12:25  Hydralisk x2  
  185  12:29  Hydralisk x3  
  183  12:36  Drone x4  
  180  12:37  Evolution Chamber  
  180  12:39  Ravager x2  
  180  12:40  Ravager x2  
  181  12:45  Hydralisk, Zergling x2  
  181  12:46  Zergling x8  
  188  12:52  Viper  
  188  12:53  Drone  
  188  12:54  Drone  
  188  12:56  Spore Crawler  
  192  13:11  Drone x10  
  184  13:16  Viper x2  
  184  13:18  Drone x7  
  177  13:29  Drone x4  
  177  13:33  Hydralisk x3  
  175  13:39  Drone x5  
  170  14:00  Hydralisk x7  
  184  14:07  Hydralisk  
  184  14:08  Hydralisk x3  
  190  14:13  Hydralisk x2  
  190  14:16  Hydralisk  
  188  14:20  Ravager x8  
  188  14:22  Roach  
  192  14:26  Roach x2  
  192  14:30  Zergling x6  
  191  14:37  Hydralisk  
  167  14:46  Ravager  
  167  14:48  Zergling x2  
  167  14:49  Zergling x4  
  171  14:56  Hatchery  
  171  14:59  Ravager  
  171  15:00  Zergling x12  
  177  15:07  Pathogen Glands  
  177  15:19  Roach x4  
  184  15:25  Extractor  
  184  15:26  Extractor  
  184  15:28  Zergling x10  
  185  15:31  Baneling x4  
  185  15:39  Baneling x8  
  185  15:44  Zergling x8  
  181  15:52  Zergling x12  
  181  15:59  Zergling x10  
  186  16:11  Roach x5  
  183  16:19  Hydralisk x2  
  183  16:20  Zergling x6  
  173  16:28  Baneling x4  
Show
View Real Time Build Order
Export as new Build Order

HeroMarine Terran - Winner!

Build Orders: Reaper Expand 

Get SALT Encoding   

  12  0:00  SCV  
  13  0:12  SCV  
  14  0:17  Supply Depot  
  14  0:24  SCV  
  15  0:39  SCV  
  15  0:40  Barracks  
  16  0:43  Refinery  
  16  0:51  SCV  
  17  1:03  SCV  
  18  1:15  SCV  
  19  1:27  Orbital Command, Reaper  
  20  1:39  Command Center  
  20  1:49  Supply Depot  
  20  1:53  SCV  
  21  1:59  Marine  
  22  2:05  SCV  
  23  2:11  Factory  
  23  2:17  SCV  
  23  2:21  Barracks Reactor  
  24  2:29  SCV  
  25  2:41  SCV, Command Center  
  26  2:53  SCV  
  26  2:55  Orbital Command  
  27  3:02  Starport  
  27  3:06  SCV  
  27  3:07  Refinery  
  27  3:10  Hellion  
  30  3:13  Hellion  
  30  3:16  Marine  
  30  3:19  SCV  
  34  3:21  SCV  
  35  3:31  SCV, Hellion  
  35  3:33  SCV  
  39  3:35  Hellion  
  39  3:38  Viking  
  43  3:43  SCV  
  43  3:45  SCV  
  45  3:52  Orbital Command  
  45  3:56  SCV  
  45  3:57  SCV  
  45  3:59  Fusion Core  
  45  4:02  Refinery  
  47  4:05  Hellion  
  47  4:07  Hellion  
  47  4:09  SCV  
  52  4:10  SCV  
  53  4:17  Supply Depot  
  53  4:19  SCV  
  53  4:21  SCV  
  53  4:22  SCV  
  56  4:25  Starport Tech Lab  
  56  4:31  Supply Depot  
  56  4:32  SCV  
  56  4:33  SCV  
  56  4:34  SCV  
  61  4:40  Supply Depot  
  61  4:44  SCV  
  61  4:45  SCV  
  65  4:46  Battlecruiser  
  65  4:49  Hellion  
  69  4:53  Hellion  
  69  4:57  SCV, Supply Depot  
  69  4:58  SCV  
  74  5:03  Refinery  
  74  5:04  Supply Depot  
  74  5:05  Orbital Command  
  73  5:09  SCV  
  73  5:10  SCV, Hellion  
  77  5:15  Hellion  
  77  5:21  SCV  
  80  5:22  SCV  
  80  5:23  Factory, Supply Depot  
  80  5:25  Factory  
  81  5:33  SCV  
  81  5:34  Hellion  
  81  5:35  SCV  
  85  5:36  Hellion  
  85  5:40  Refinery, Supply Depot  
  85  5:42  SCV, Refinery  
  88  5:45  SCV  
  88  5:47  SCV  
  90  5:54  SCV  
  90  5:56  Hellion  
  93  5:57  SCV, Hellion  
  93  5:59  SCV  
  93  6:00  Battlecruiser  
  103  6:07  SCV  
  103  6:09  SCV  
  103  6:10  Factory Tech Lab x2  
  103  6:11  SCV  
  104  6:12  Factory  
  104  6:14  Factory  
  104  6:18  Supply Depot x2  
  104  6:19  SCV  
  104  6:21  SCV  
  104  6:23  SCV  
  107  6:26  Armory  
  107  6:28  Hellion x2  
  107  6:31  SCV  
  110  6:33  SCV  
  110  6:34  Cyclone  
  110  6:35  SCV  
  110  6:39  Mag-Field Accelerator  
  113  6:43  Infernal Pre-Igniter, SCV  
  113  6:45  SCV, Cyclone  
  116  6:52  SCV  
  116  6:53  Hellion x2  
  123  7:05  Factory Tech Lab, Factory Reactor  
  123  7:06  Cyclone  
  124  7:08  Command Center  
  124  7:15  Hellion x2  
  122  7:18  Cyclone  
  122  7:19  SCV  
  122  7:20  SCV x2  
  113  7:25  Weapon Refit  
  113  7:26  Terran Vehicle And Ship Armor Level 1  
  113  7:31  Engineering Bay, Cyclone  
  113  7:35  SCV, Supply Depot  
  113  7:36  Hellion  
  119  7:38  Cyclone  
  119  7:39  SCV, Supply Depot  
  119  7:41  Supply Depot  
  119  7:43  Hellion x2  
  127  7:45  Hellion  
  127  7:50  Cyclone  
  132  7:56  Factory x2, SCV  
  133  7:58  Factory  
  133  8:01  SCV x2  
  133  8:05  Supply Depot  
  135  8:06  Supply Depot  
  135  8:08  Sensor Tower, Hellion  
  135  8:09  SCV, Hellion x2  
  135  8:10  Hellion  
  135  8:12  Hellion  
  146  8:17  Cyclone  
  149  8:22  Cyclone  
  149  8:25  Command Center  
  149  8:26  SCV x3  
  155  8:27  Drilling Claws  
  155  8:33  Cyclone  
  158  8:38  SCV x3  
  161  8:45  Hellion  
  161  8:46  Hellion  
  162  8:49  Cyclone  
  162  8:54  Cyclone  
  157  8:56  SCV  
  157  8:58  SCV x2  
  157  9:00  Factory Tech Lab x2, Factory Reactor  
  160  9:04  Battlecruiser  
  160  9:05  Cyclone  
  160  9:06  Hellion x2  
  160  9:08  Hellion  
  160  9:09  Hellion  
  177  9:14  SCV x2  
  177  9:15  Planetary Fortress  
  168  9:17  Refinery  
  168  9:18  Refinery  
  147  9:27  SCV x2  
  147  9:28  Cyclone, Hellion x2  
  154  9:34  Cyclone  
  154  9:36  Hellion  
  159  9:40  Hellion  
  159  9:41  SCV  
  159  9:42  SCV x2  
  164  9:53  SCV, Cyclone  
  164  9:54  SCV x2  
  164  9:56  SCV  
  171  10:03  Planetary Fortress, Cyclone  
  171  10:06  SCV x3  
  177  10:09  Cyclone  
  181  10:18  SCV x3  
  181  10:20  SCV  
  184  10:26  Siege Tank  
  182  10:29  Siege Tank  
  182  10:30  SCV x3  
  182  10:33  SCV  
  188  10:36  Terran Vehicle Weapons Level 1  
  188  10:39  Cyclone  
  188  10:42  SCV x3  
  172  10:46  Cyclone x2  
  172  10:48  SCV x2  
  141  10:54  SCV x3  
  138  10:58  Cyclone, Hellion  
  138  10:59  Hellion  
  138  11:01  Cyclone  
  138  11:03  Hellion  
  150  11:05  Hellion x2  
  150  11:06  Refinery x2  
  148  11:11  Cyclone  
  148  11:15  Factory x2  
  148  11:18  Siege Tank  
  148  11:19  Barracks  
  148  11:22  Siege Tank, Ghost Academy  
  148  11:23  Hellion  
  148  11:24  Widow Mine  
  149  11:30  Cyclone, Missile Turret  
  152  11:32  Sensor Tower  
  152  11:33  Cyclone  
  152  11:34  Hellion x2  
  155  11:40  Factory Tech Lab  
  155  11:43  Cyclone  
  155  11:44  Hellion  
  155  11:45  Hellion  
  162  11:50  Hellion  
  152  11:54  Hellion  
  152  11:55  Hellion  
  152  12:00  Siege Tank  
  141  12:02  Cyclone, Hellion  
  141  12:03  SCV  
  141  12:04  SCV  
  141  12:05  SCV x3, Cyclone, Hellion  
  151  12:11  Siege Tank  
  155  12:15  Siege Tank, Cyclone  
  155  12:16  SCV x2  
  155  12:18  Hellion x2  
  155  12:21  Command Center  
  164  12:28  Widow Mine  
  165  12:32  Cyclone  
  165  12:33  Hellion  
  165  12:34  Cyclone  
  165  12:35  Terran Vehicle Weapons Level 2  
  171  12:37  Cyclone  
  171  12:38  Barracks Tech Lab  
  171  12:39  Hellion x2  
  171  12:43  Ghost, Cyclone  
  181  12:47  Cyclone  
  181  12:48  Cyclone  
  181  12:50  Hellion  
  191  12:54  Hellion  
  191  12:56  Sensor Tower, Missile Turret  
  191  12:57  Ghost  
  195  12:58  Command Center  
  195  13:00  Hellion  
  195  13:01  Hellion  
  196  13:12  Ghost  
  188  13:13  Cyclone x3  
  196  13:22  Cyclone  
  196  13:24  Cyclone  
  195  13:36  Command Center x2  
  195  13:41  Ghost x2  
  199  13:51  Factory Tech Lab, Factory Reactor  
  193  14:10  Ghost x2  
  193  14:13  Hellion  
  193  14:14  Hellion x3  
  178  14:19  Hellion x2  
  180  14:25  Siege Tank x2  
  180  14:26  Cyclone x3  
  180  14:30  SCV x3  
  180  14:31  SCV  
  184  14:38  Ghost x2  
  184  14:40  Cyclone  
  184  14:42  Hellion  
  184  14:43  Cyclone  
  185  14:50  Planetary Fortress  
  185  14:51  Orbital Command, Refinery  
  185  14:52  Refinery  
  185  14:55  Orbital Command  
  185  14:57  Cyclone  
  188  15:00  Personal Cloaking  
  188  15:04  Cyclone x3  
  197  15:07  Barracks  
  197  15:09  Hi-Sec Auto Tracking  
  197  15:13  Sensor Tower  
  199  15:23  Orbital Command, Sensor Tower  
  189  15:30  Command Center, Hellion x2  
  189  15:34  Ghost  
  189  15:35  Ghost  
  197  15:37  Hellion  
  197  15:38  Missile Turret  
  199  15:54  Cyclone  
  193  16:17  Ghost x2  
  187  16:19  Hellion x2  
  187  16:21  Hellion  
  187  16:22  Hellion x2  
  193  16:34  Command Center  
  193  16:35  Command Center  

Tags
 
Add a new tag
Caveats
  • Supply blocks, unpowered buildings, or Contaminate may cause inaccurate times.
  • Supply counts are checked every 10 seconds.